 Dungeon Crawl Stone Soup version 0.23.2-33-g5129a83184 (webtiles) character file.

Game seed: 12641977923382767853

721 H0rd4k the Slasher (level 8, -3/58 HPs)
             Began as a Human Artificer on July 31, 2019.
             Slain by an orc warrior
             ... wielding a +0 trident
              (6 damage)
             ... on level 4 of the Dungeon.
             The game lasted 00:08:30 (5089 turns).

H0rd4k the Slasher (Human Artificer)                Turns: 5089, Time: 00:08:31

Health: -3/58      AC:  6    Str: 15    XL:     8   Next: 2%
Magic:  10/10      EV: 13    Int: 12    God:
Gold:   190        SH:  0    Dex: 13    Spells: 7/7 levels left

rFire    + . .     SeeInvis .   w - +0 falchion
rCold    . . .     Gourm    .   (no shield)
rNeg     . . .     Faith    .   b - +0 leather armour
rPois    .         Spirit   .   y - +0 helmet
rElec    .         Reflect  .   (no cloak)
rCorr    .         Harm     .   (no gloves)
MR       .....                  t - +1 pair of boots
Stlth    ++........             (no amulet)
HPRegen  0.19/turn              u - ring of protection from fire
MPRegen  0.12/turn              (no ring)

@: no status effects
A: no striking features
a: no special abilities


You were on level 4 of the Dungeon.
You were hungry.

You visited 1 branch of the dungeon, and saw 4 of its levels.

You collected 190 gold pieces.

Inventory:

Hand Weapons
 a - a +0 short sword
 o - a +0 rapier
 q - a +0 blowgun
 s - a +1 whip of venom
 w - a +0 falchion (weapon)
 z - a +2 short sword of speed
Missiles
 r - 23 poisoned needles
Armour
 b - a +0 leather armour (worn)
 t - a +1 pair of boots (worn)
 y - a +0 helmet (worn)
Jewellery
 u - a ring of protection from fire (left hand)
 x - a +4 amulet of reflection {unknown}
Wands
 d - a wand of enslavement (14)
Scrolls
 c - a scroll of fear {unknown}
 k - 4 scrolls of teleportation {unknown}
 m - 3 scrolls of identify {unknown}
 n - 2 scrolls of enchant armour {unknown}
 v - a scroll of enchant weapon {unknown}
Potions
 i - a potion of might
Comestibles
 f - 5 rations


   Skills:
 + Level 3.5 Fighting
 + Level 2.8(3.8) Short Blades
 + Level 4.0(4.4) Long Blades
 + Level 2.9 Armour
 + Level 3.7 Dodging
 + Level 1.5 Stealth
 + Level 3.8 Evocations


You had 7 spell levels left.
You didn't know any spells.
Your spell library contained the following spells:

 Spells                   Type           Power        Failure   Level  Hunger
 Corona                   Hex            #......      38%         1    ##.....
 Ensorcelled Hibernation  Hex/Ice        #.....       52%         2    ###....
 Confuse                  Hex            #.......     77%         3    ####...
 Dazzling Spray           Conj/Hex       #.....       77%         3    ####...
 Tukima's Dance           Hex            #.......     77%         3    ####...


Dungeon Overview and Level Annotations

Branches:
Dungeon (4/15)
 Temple: D:4-7

Altars:
Cheibriados
Makhleb
Zin

Annotations:
D:2 exclusion: downstairs
D:3 exclusion: 2 downstairs


Message History

You barely miss the orc warrior.
The orc warrior is almost dead.
The orc warrior misses you.
You hit the orc warrior but do no damage.
The orc warrior is almost dead.
You hit the orc warrior but do no damage.
The orc warrior is almost dead.
The orc warrior completely misses you.
You riposte.
You barely miss the orc warrior.
The orc warrior is almost dead.
You hit the orc warrior but do no damage.
The orc warrior is almost dead.
The orc warrior hits you with a +0 trident!!
* * * LOW HITPOINT WARNING * * *
You hit the orc warrior but do no damage.
The orc warrior is almost dead.
You barely miss the orc warrior.
The orc warrior is almost dead.
The orc warrior hits you with a +0 trident.
You die...

... .#.......)#.............#
... #........'.............#
.... ###+##...###...##......#
.... #...########...##......#
....##..............##.....##
.....#.........(....########
.....#........♣............
.....'..........o..........
....##..........@..........
....##.....................
.[................)........
....##..[##...###...##.....
... ######...###...####### ..
#.........>.# . #...........#
#...........# #...........#


You could see an orc warrior.

Vanquished Creatures
  Sigmund (D:3)
  An ogre (D:4)
  A centaur (D:4)
  A crimson imp (D:3)
  A jelly (D:4)
  An orc wizard (D:3)
  A hound (D:4)
  3 orc priests (D:4)
  A worker ant (D:4)
  3 gnolls (D:2)
  6 adders
  A worm (D:2)
  2 dart slugs
  3 leopard geckos
  9 orcs
  4 giant cockroaches
  12 goblins
  9 hobgoblins
  2 jackals (D:3)
  A quokka (D:4)
  A ball python (D:2)
  4 bats (D:2)
  7 frilled lizards
  2 jackal skeletons (D:4)
  2 kobolds (D:3)
  9 rats
88 creatures vanquished.

Notes
Turn   | Place    | Note
-------+----------+-------------------------------------------
     0 | D:1      | H0rd4k the Human Artificer began the quest for the Orb.
     0 | D:1      | Reached XP level 1. HP: 15/15 MP: 3/3
   154 | D:1      | Reached XP level 2. HP: 19/21 MP: 4/4
   616 | D:1      | Reached XP level 3. HP: 23/26 MP: 5/5
  1243 | D:2      | Reached skill level 1 in Armour
  1243 | D:2      | Reached XP level 4. HP: 33/33 MP: 6/6
  1370 | D:2      | Found a glowing silver altar of Zin.
  1521 | D:2      | Reached XP level 5. HP: 23/38 MP: 7/7
  2124 | D:3      | Noticed Sigmund
  2220 | D:3      | Found a snail-covered altar of Cheibriados.
  3332 | D:3      | Reached skill level 1 in Long Blades
  3332 | D:3      | Reached XP level 6. HP: 22/44 MP: 8/8
  3622 | D:3      | Killed Sigmund
  3622 | D:3      | Reached skill level 2 in Long Blades
  3622 | D:3      | Reached XP level 7. HP: 39/51 MP: 9/9
  3799 | D:4      | Found a burning altar of Makhleb.
  4298 | D:4      | Reached skill level 3 in Long Blades
  4800 | D:4      | Reached skill level 4 in Long Blades
  4800 | D:4      | Reached XP level 8. HP: 20/58 MP: 10/10
  5089 | D:4      | Slain by an orc warrior

Skill      XL: |  1  2  3  4  5  6  7 |
---------------+----------------------+-----
Armour         | 1 2 |  2.9
Short Blades   | 2 |  2.8
Fighting       | 2 3 |  3.5
Dodging        | 3 |  3.7
Long Blades    | 1 2 4 |  4.0
Stealth        | |  1.5
Evocations     | |  3.8

Action                   |  1- 3 |  4- 6 |  7- 9 || total
-------------------------+-------+-------+-------++-------
Melee: Short sword       |    91 |   101 |       ||   192
       Falchion          |       |    83 |   108 ||   191
       Rapier            |       |    47 |       ||    47
       Whip              |       |     6 |       ||     6
Evoke: Wand              |     9 |    13 |     9 ||    31
  Use: Potion            |     1 |       |     5 ||     6
 Stab: Sleeping          |     1 |     1 |       ||     2
  Eat: Chunk             |       |     9 |     4 ||    13
Armor: Leather armour    |    23 |    56 |    26 ||   105
       Skin              |       |       |    12 ||    12
Dodge: Dodged            |    56 |   179 |    55 ||   290
       Rpst.: Falchion   |       |    14 |    16 ||    30
